General information
- name: BNet
- type: Ladder team game (AT/RT)
- host: Battle.net
- saver: Algir
map: Deadlands
- players: 8
- length: 67:19
- speed: Fast
- version: 1.26 W3XP
- replay type: Public
» download(382 KB)
Players
team 1 (winner)

»
macrostb (
orange | 35 APM | 2357 actions | 67:19)
8 Demon Hunter
3 Immolation
3 Evasion
1 Metamorphosis
1 Mana Burn
» actions
| Assign group hotkey | 50 | |
| Basic commands | 372 | |
| Build / train | 83 | |
| Enter build submenu | 33 | |
| Enter hero's abilities submenu | 8 | |
| Give item / drop item | 7 | |
| Remove unit from queue | 2 | |
| Right click | 371 | |
| Select / deselect | 324 | |
| Select group hotkey | 1007 | |
| Use ability | 100 | |
2357 total
» units
| Wisp | 23 | |
| Hippogryph | 28 | |
| Chimaera | 6 | |
57 total
» upgrades
| Strength of the Wild | 3 | |
| Reinforced Hides | 3 | |
| Corrosive Breath | 1 | |
| Nature's Blessing | 1 | |
| Backpack | 1 | |
| Well Spring | 1 | |
10 total
» buildings
| Altar of Elders | 1 | |
| Moon Well | 14 | |
| Tree of Ages | 1 | |
| Hunter's Hall | 1 | |
| Ancient of Wonders | 1 | |
| Tree of Eternity | 1 | |
| Ancient of Wind | 4 | |
| Chimaera Roost | 3 | |
| Tree of Life | 1 | |
| Ancient Protector | 4 | |
31 total
» build order
00:09 Altar of Elders
00:13 Moon Well
00:58 Moon Well
01:45 Moon Well
02:48 Tree of Ages
02:59 Moon Well
04:32 Moon Well
04:42 Hunter's Hall
05:03 Ancient of Wonders
06:24 Tree of Eternity
06:31 Ancient of Wind
07:18 Moon Well
07:27 Ancient of Wind
10:02 Ancient of Wind
10:22 Moon Well
10:30 Moon Well
11:13 Moon Well
11:23 Moon Well
11:27 Chimaera Roost
11:29 Chimaera Roost
11:30 Chimaera Roost
12:02 Moon Well
15:53 Moon Well
20:27 Tree of Life
20:34 Ancient Protector
20:35 Ancient Protector
20:40 Ancient Protector
21:35 Ancient Protector
22:49 Ancient of Wind
30:33 Moon Well
37:46 Moon Well
» items
| Boots of Speed | 1 | |
| Staff of Teleportation | 1 | |
| Orb of Venom | 1 | |
| Potion of Healing | 1 | |
| Scroll of Town Portal | 1 | |
5 total
NikeSweatshop (
pink | 39 APM | 2593 actions | 67:14)
10 Archmage
3 Summon Water Elemental
3 Brilliance Aura
1 Mass Teleport
3 Blizzard
» actions
| Assign group hotkey | 67 | |
| Basic commands | 183 | |
| Build / train | 92 | |
| Enter build submenu | 50 | |
| Enter hero's abilities submenu | 12 | |
| Give item / drop item | 10 | |
| Right click | 1143 | |
| Select / deselect | 516 | |
| Select group hotkey | 254 | |
| Use ability | 266 | |
2593 total
» units
| Peasant | 12 | |
| Footman | 5 | |
| Goblin Shredder | 2 | |
| Gryphon Rider | 11 | |
| Goblin Sapper | 4 | |
34 total
» upgrades
| Masonry | 3 | |
| Swords | 3 | |
| Armor | 3 | |
| Animal War Training | 1 | |
| Storm Hammers | 1 | |
| Cloud | 1 | |
12 total
» buildings
| Altar of Kings | 1 | |
| Barracks | 1 | |
| Farm | 10 | |
| Keep | 1 | |
| Arcane Vault | 1 | |
| Lumber Mill | 1 | |
| Town Hall | 6 | |
| Scout Tower | 31 | |
| Guard Tower | 9 | |
| Castle | 1 | |
| Gryphon Aviary | 4 | |
| Blacksmith | 2 | |
68 total
» build order
00:37 Altar of Kings
00:39 Barracks
00:50 Farm
00:51 Farm
01:05 Farm
01:39 Farm
03:23 Keep
03:34 Arcane Vault
03:46 Lumber Mill
04:47 Town Hall
04:50 Scout Tower
04:50 Scout Tower
04:50 Scout Tower
04:52 Scout Tower
05:22 Guard Tower
05:33 Guard Tower
06:35 Farm
08:28 Castle
08:46 Gryphon Aviary
08:48 Gryphon Aviary
08:48 Gryphon Aviary
08:52 Gryphon Aviary
08:57 Scout Tower
08:58 Scout Tower
08:59 Scout Tower
09:00 Scout Tower
09:03 Scout Tower
09:03 Scout Tower
09:11 Blacksmith
09:15 Blacksmith
09:51 Guard Tower
10:33 Guard Tower
10:54 Farm
10:56 Scout Tower
10:57 Scout Tower
10:57 Scout Tower
10:57 Scout Tower
11:02 Farm
11:04 Farm
11:41 Guard Tower
12:10 Farm
12:11 Farm
13:54 Town Hall
21:44 Scout Tower
21:44 Scout Tower
21:45 Scout Tower
21:45 Scout Tower
21:45 Scout Tower
22:46 Guard Tower
25:50 Town Hall
25:52 Scout Tower
25:53 Scout Tower
25:53 Scout Tower
25:54 Scout Tower
25:55 Scout Tower
25:55 Scout Tower
25:56 Scout Tower
25:56 Scout Tower
26:00 Scout Tower
26:05 Guard Tower
26:06 Scout Tower
26:08 Scout Tower
26:08 Scout Tower
27:00 Guard Tower
30:15 Guard Tower
31:12 Town Hall
44:28 Town Hall
44:56 Town Hall
» items
| Scroll of Regeneration | 5 | |
| Lesser Clarity Potion | 4 | |
| Scroll of Town Portal | 3 | |
| Potion of Healing | 6 | |
| Potion of Mana | 1 | |
| Ivory Tower | 2 | |
| Mechanical Critter | 2 | |
23 total
LINK-O-VITCH (
green | 54 APM | 3617 actions | 67:18)
8 Paladin
3 Holy Light
3 Divine Shield
1 Resurrection
1 Devotion Aura
» actions
| Assign group hotkey | 65 | |
| Basic commands | 111 | |
| Build / train | 142 | |
| Enter build submenu | 28 | |
| Enter hero's abilities submenu | 8 | |
| Give item / drop item | 6 | |
| Remove unit from queue | 1 | |
| Right click | 1542 | |
| Select / deselect | 446 | |
| Select group hotkey | 1029 | |
| Use ability | 239 | |
3617 total
» units
| Peasant | 17 | |
| Footman | 5 | |
| Sorceress | 4 | |
| Mortar Team | 9 | |
| Siege Engine | 1 | |
| Priest | 2 | |
| Goblin Zeppelin | 1 | |
| Flying Machine | 31 | |
70 total
» upgrades
| Masonry | 3 | |
| Lumber Harvesting | 2 | |
| Gunpowder | 3 | |
| Sorceress Training | 2 | |
| Magic Sentry | 1 | |
| Flare | 1 | |
| Fragmentation Shards | 1 | |
| Barrage | 1 | |
| Priest Training | 2 | |
| Plating | 3 | |
| Flying Machine Bombs | 1 | |
| Flak Cannons | 1 | |
21 total
» buildings
| Altar of Kings | 1 | |
| Farm | 10 | |
| Barracks | 1 | |
| Scout Tower | 26 | |
| Lumber Mill | 1 | |
| Arcane Tower | 1 | |
| Arcane Vault | 2 | |
| Town Hall | 1 | |
| Guard Tower | 15 | |
| Keep | 1 | |
| Blacksmith | 1 | |
| Castle | 1 | |
| Workshop | 4 | |
| Arcane Sanctum | 1 | |
| Cannon Tower | 1 | |
67 total
» build order
00:10 Altar of Kings
00:21 Farm
00:36 Barracks
00:51 Farm
01:31 Scout Tower
01:39 Lumber Mill
02:01 Arcane Tower
02:08 Farm
02:45 Arcane Vault
03:14 Farm
05:03 Town Hall
05:05 Scout Tower
05:06 Scout Tower
05:07 Scout Tower
05:08 Scout Tower
05:10 Scout Tower
05:10 Scout Tower
05:34 Guard Tower
05:42 Guard Tower
06:05 Guard Tower
06:32 Scout Tower
06:33 Scout Tower
06:33 Scout Tower
06:33 Scout Tower
06:35 Scout Tower
06:36 Scout Tower
06:40 Scout Tower
06:41 Scout Tower
07:05 Guard Tower
07:12 Guard Tower
07:19 Guard Tower
07:28 Guard Tower
07:36 Guard Tower
07:36 Guard Tower
07:36 Guard Tower
07:47 Arcane Vault
07:50 Keep
08:31 Guard Tower
08:44 Scout Tower
08:45 Scout Tower
08:45 Scout Tower
09:46 Guard Tower
09:49 Blacksmith
10:21 Castle
11:02 Workshop
11:05 Workshop
11:11 Workshop
11:15 Arcane Sanctum
11:54 Farm
11:56 Farm
11:58 Farm
16:01 Scout Tower
16:04 Scout Tower
16:05 Scout Tower
16:05 Scout Tower
16:39 Guard Tower
19:03 Guard Tower
19:17 Workshop
19:19 Farm
19:20 Farm
53:42 Cannon Tower
» items
| Scroll of Regeneration | 3 | |
| Scroll of Town Portal | 5 | |
| Potion of Mana | 5 | |
| Staff of Teleportation | 1 | |
| Potion of Invisibility | 2 | |
| Lesser Clarity Potion | 3 | |
| Mechanical Critter | 2 | |
| Ivory Tower | 1 | |
22 total
xundii (
red | 41 APM | 1662 actions | 40:51)
5 Archmage
2 Summon Water Elemental
3 Brilliance Aura
4 Mountain King
2 Storm Bolt
2 Thunder Clap
» actions
| Assign group hotkey | 40 | |
| Build / train | 70 | |
| Enter build submenu | 28 | |
| Enter hero's abilities submenu | 10 | |
| Give item / drop item | 2 | |
| Right click | 550 | |
| Select / deselect | 371 | |
| Select group hotkey | 521 | |
| Use ability | 70 | |
1662 total
» units
| Peasant | 8 | |
| Footman | 10 | |
| Priest | 20 | |
| Knight | 8 | |
46 total
» upgrades
| Defend | 1 | |
| Swords | 3 | |
| Priest Training | 2 | |
| Animal War Training | 1 | |
| Lumber Harvesting | 1 | |
8 total
» buildings
| Altar of Kings | 1 | |
| Farm | 15 | |
| Barracks | 3 | |
| Lumber Mill | 2 | |
| Scout Tower | 2 | |
| Arcane Tower | 2 | |
| Keep | 1 | |
| Blacksmith | 1 | |
| Castle | 1 | |
| Arcane Sanctum | 1 | |
29 total
» build order
00:22 Altar of Kings
00:37 Farm
00:53 Barracks
01:09 Lumber Mill
01:19 Farm
01:56 Scout Tower
02:11 Farm
02:34 Arcane Tower
02:41 Scout Tower
03:05 Farm
03:26 Arcane Tower
03:33 Keep
03:48 Farm
04:29 Blacksmith
04:42 Farm
05:25 Farm
07:12 Castle
07:16 Barracks
07:22 Barracks
07:25 Arcane Sanctum
07:34 Farm
08:40 Farm
10:00 Farm
10:39 Farm
12:06 Farm
13:50 Farm
14:10 Lumber Mill
31:03 Farm
31:50 Farm
» items
team 2 (loser)

»
psicomind (
blue | 44 APM | 2918 actions | 65:34)
4 Tauren Chieftain
2 Endurance Aura
2 War Stomp
3 Blademaster
2 Mirror Image
1 Critical Strike
» actions
| Assign group hotkey | 56 | |
| Basic commands | 145 | |
| Build / train | 73 | |
| Enter build submenu | 22 | |
| Enter hero's abilities submenu | 7 | |
| Give item / drop item | 3 | |
| Remove unit from queue | 1 | |
| Right click | 403 | |
| Select / deselect | 1178 | |
| Select group hotkey | 944 | |
| Use ability | 74 | |
2918 total
» units
| Peon | 15 | |
| Grunt | 6 | |
| Shaman | 3 | |
| Troll Witch Doctor | 7 | |
| Wind Rider | 5 | |
| Goblin Shredder | 1 | |
37 total
» upgrades
| Pillage | 1 | |
| Armor | 1 | |
| Shaman Training | 2 | |
| Witch Doctor Training | 2 | |
| Envenomed Spears | 1 | |
7 total
» buildings
| Altar of Storms | 1 | |
| Orc Burrow | 8 | |
| Barracks | 1 | |
| War Mill | 1 | |
| Voodoo Lounge | 1 | |
| Stronghold | 2 | |
| Fortress | 1 | |
| Spirit Lodge | 2 | |
| Beastiary | 2 | |
| Watch Tower | 2 | |
21 total
» build order
00:24 Altar of Storms
00:40 Orc Burrow
00:54 Barracks
01:13 War Mill
02:02 Orc Burrow
02:37 Voodoo Lounge
04:32 Stronghold
04:39 Orc Burrow
07:12 Fortress
07:18 Spirit Lodge
07:23 Spirit Lodge
11:18 Orc Burrow
12:58 Orc Burrow
13:54 Beastiary
14:16 Watch Tower
14:21 Watch Tower
16:29 Orc Burrow
18:30 Beastiary
23:46 Orc Burrow
23:52 Orc Burrow
» items
| Healing Salve | 4 | |
| Scroll of Town Portal | 5 | |
| Potion of Healing | 2 | |
| Orb of Lightning | 2 | |
| Tiny Great Hall | 2 | |
15 total

»
Feuergeist (
purple | 22 APM | 1479 actions | 67:19)
4 Priestess of the Moon
2 Trueshot Aura
2 Searing Arrows
4 Dark Ranger
2 Black Arrow
2 Silence
» actions
| Basic commands | 43 | |
| Build / train | 151 | |
| Enter build submenu | 45 | |
| Enter hero's abilities submenu | 8 | |
| Give item / drop item | 2 | |
| Remove unit from queue | 16 | |
| Right click | 665 | |
| Select / deselect | 455 | |
| Use ability | 94 | |
1479 total
» units
| Wisp | 73 | |
| Huntress | 14 | |
| Dryad | 4 | |
| Hippogryph | 4 | |
| Goblin Shredder | 1 | |
96 total
» upgrades
| Strength of the Wild | 2 | |
| Reinforced Hides | 2 | |
| Sentinel | 1 | |
| Druid of the Talon Training | 2 | |
| Abolish Magic | 1 | |
| Nature's Blessing | 1 | |
| Ultravision | 1 | |
10 total
» buildings
| Moon Well | 9 | |
| Hunter's Hall | 1 | |
| Ancient of War | 2 | |
| Altar of Elders | 2 | |
| Ancient of Wonders | 2 | |
| Tree of Ages | 8 | |
| Tree of Life | 9 | |
| Ancient Protector | 5 | |
| Tree of Eternity | 2 | |
| Ancient of Wind | 2 | |
| Ancient of Lore | 2 | |
44 total
» build order
00:16 Moon Well
00:47 Hunter's Hall
01:40 Ancient of War
01:47 Altar of Elders
01:58 Moon Well
02:29 Moon Well
04:45 Ancient of Wonders
05:45 Tree of Ages
05:46 Tree of Ages
06:05 Tree of Life
06:12 Ancient Protector
06:17 Ancient Protector
06:49 Moon Well
08:36 Tree of Eternity
09:02 Ancient of Wind
09:07 Ancient Protector
09:32 Ancient of Lore
09:44 Ancient of Lore
11:04 Ancient Protector
11:09 Ancient Protector
14:13 Moon Well
16:10 Moon Well
17:44 Tree of Ages
17:44 Tree of Ages
18:10 Tree of Life
18:40 Ancient of Wonders
20:45 Tree of Ages
21:45 Tree of Life
22:11 Tree of Life
23:03 Tree of Life
23:50 Ancient of War
27:23 Tree of Life
27:56 Tree of Life
28:35 Tree of Life
31:54 Altar of Elders
33:08 Moon Well
33:37 Moon Well
33:53 Moon Well
35:02 Tree of Life
43:12 Tree of Ages
43:12 Tree of Ages
45:53 Tree of Eternity
46:01 Ancient of Wind
» items
Algir (
teal | 84 APM | 5628 actions | 67:19)
10 Archmage
3 Summon Water Elemental
3 Brilliance Aura
1 Mass Teleport
3 Blizzard
» actions
| Assign group hotkey | 138 | |
| Basic commands | 336 | |
| Build / train | 206 | |
| ESC pressed | 8 | |
| Enter build submenu | 58 | |
| Enter hero's abilities submenu | 10 | |
| Give item / drop item | 24 | |
| Right click | 2062 | |
| Select / deselect | 551 | |
| Select group hotkey | 1907 | |
| Use ability | 328 | |
5628 total
» units
| Peasant | 21 | |
| Footman | 5 | |
| Gryphon Rider | 9 | |
| Goblin Shredder | 4 | |
| Goblin Zeppelin | 4 | |
| Dragonhawk Rider | 10 | |
| Knight | 1 | |
| Goblin Sapper | 1 | |
55 total
» upgrades
| Masonry | 3 | |
| Swords | 3 | |
| Armor | 3 | |
| Animal War Training | 1 | |
| Lumber Harvesting | 2 | |
| Storm Hammers | 1 | |
| Cloud | 1 | |
| Backpack | 1 | |
| Gunpowder | 3 | |
| Plating | 3 | |
21 total
» buildings
| Altar of Kings | 1 | |
| Barracks | 1 | |
| Farm | 12 | |
| Arcane Vault | 1 | |
| Lumber Mill | 1 | |
| Keep | 4 | |
| Town Hall | 4 | |
| Scout Tower | 42 | |
| Arcane Tower | 2 | |
| Guard Tower | 59 | |
| Blacksmith | 1 | |
| Castle | 2 | |
| Gryphon Aviary | 6 | |
136 total
» build order
00:49 Altar of Kings
00:50 Barracks
00:55 Farm
01:06 Farm
01:43 Farm
02:08 Arcane Vault
02:27 Farm
02:32 Lumber Mill
03:56 Keep
03:56 Keep
03:56 Keep
04:25 Town Hall
04:54 Scout Tower
05:23 Arcane Tower
05:23 Arcane Tower
05:31 Scout Tower
05:45 Scout Tower
05:47 Scout Tower
05:50 Scout Tower
05:51 Scout Tower
05:59 Guard Tower
06:09 Blacksmith
07:04 Castle
07:04 Castle
07:06 Guard Tower
07:06 Guard Tower
07:13 Scout Tower
07:14 Scout Tower
07:53 Guard Tower
07:53 Guard Tower
08:34 Gryphon Aviary
08:37 Guard Tower
08:39 Gryphon Aviary
08:42 Gryphon Aviary
08:44 Gryphon Aviary
08:48 Gryphon Aviary
09:40 Gryphon Aviary
12:52 Farm
13:01 Farm
14:37 Farm
14:38 Farm
14:38 Farm
14:40 Farm
14:44 Farm
15:39 Farm
18:29 Town Hall
18:32 Scout Tower
18:33 Scout Tower
18:34 Scout Tower
18:34 Scout Tower
18:49 Scout Tower
18:50 Scout Tower
18:51 Scout Tower
18:52 Scout Tower
18:54 Scout Tower
18:55 Scout Tower
18:56 Scout Tower
18:56 Scout Tower
18:58 Scout Tower
18:58 Scout Tower
18:59 Scout Tower
19:00 Scout Tower
19:12 Guard Tower
19:44 Guard Tower
19:45 Guard Tower
20:05 Guard Tower
20:08 Guard Tower
20:08 Guard Tower
20:08 Guard Tower
20:11 Guard Tower
20:38 Guard Tower
20:38 Guard Tower
20:38 Guard Tower
20:39 Guard Tower
20:40 Guard Tower
20:42 Guard Tower
20:42 Guard Tower
20:42 Guard Tower
25:24 Scout Tower
25:25 Scout Tower
25:26 Scout Tower
25:27 Scout Tower
25:28 Scout Tower
26:00 Guard Tower
26:00 Guard Tower
26:00 Guard Tower
26:01 Guard Tower
26:01 Guard Tower
28:39 Town Hall
35:15 Town Hall
35:18 Scout Tower
35:19 Scout Tower
35:20 Scout Tower
35:21 Scout Tower
35:27 Scout Tower
35:28 Scout Tower
35:29 Scout Tower
35:30 Scout Tower
35:36 Scout Tower
35:37 Scout Tower
35:38 Scout Tower
35:38 Scout Tower
35:52 Guard Tower
35:52 Guard Tower
35:52 Guard Tower
35:54 Guard Tower
35:54 Guard Tower
35:54 Guard Tower
36:20 Guard Tower
36:20 Guard Tower
36:21 Guard Tower
36:29 Guard Tower
36:29 Guard Tower
36:29 Guard Tower
37:00 Guard Tower
37:00 Guard Tower
37:01 Guard Tower
63:28 Scout Tower
64:42 Guard Tower
» items
| Orb of Venom | 1 | |
| Anti-magic Potion | 1 | |
| Orb of Corruption | 1 | |
| Mechanical Critter | 6 | |
| Scroll of Healing | 1 | |
| Scroll of Regeneration | 3 | |
| Staff of Sanctuary | 1 | |
| Potion of Lesser Invulnerability | 2 | |
| Scroll of Town Portal | 2 | |
18 total

»
Rockpiles (
yellow | 54 APM | 2964 actions | 55:19)
5 Crypt Lord
1 Carrion Beetles
2 Spiked Carapace
2 Impale
2 Lich
1 Frost Nova
1 Frost Armor
» actions
| Assign group hotkey | 43 | |
| Build / train | 98 | |
| ESC pressed | 1 | |
| Enter build submenu | 28 | |
| Enter hero's abilities submenu | 7 | |
| Give item / drop item | 4 | |
| Remove unit from queue | 9 | |
| Right click | 1598 | |
| Select / deselect | 544 | |
| Select group hotkey | 473 | |
| Use ability | 155 | |
2964 total
» units
| Acolyte | 20 | |
| Ghoul | 9 | |
| Crypt Fiend | 2 | |
| Necromancer | 11 | |
| Obsidian Statue | 3 | |
| Meatwagon | 2 | |
| Gargoyle | 13 | |
| Goblin Zeppelin | 1 | |
61 total
» upgrades
| Creature Attack | 1 | |
| Web | 1 | |
| Necromancer Training | 2 | |
| Skeletal Longevity | 1 | |
| Skeletal Mastery | 1 | |
| Unholy Armor | 1 | |
| Exhume Corpses | 1 | |
| Unholy Strength | 1 | |
9 total
» buildings
| Altar of Darkness | 3 | |
| Ziggurat | 8 | |
| Crypt | 1 | |
| Graveyard | 1 | |
| Tomb of Relics | 2 | |
| Halls of the Dead | 1 | |
| Slaughterhouse | 1 | |
| Temple of the Damned | 1 | |
| Black Citadel | 2 | |
| Sacrificial Pit | 1 | |
| Necropolis | 1 | |
22 total
» build order
00:09 Altar of Darkness
00:11 Ziggurat
00:40 Crypt
01:13 Graveyard
01:21 Tomb of Relics
01:38 Ziggurat
04:53 Halls of the Dead
07:47 Ziggurat
07:49 Ziggurat
07:50 Ziggurat
08:40 Slaughterhouse
08:43 Temple of the Damned
09:56 Black Citadel
11:44 Sacrificial Pit
22:40 Ziggurat
25:52 Necropolis
27:47 Altar of Darkness
27:48 Ziggurat
28:58 Altar of Darkness
30:16 Ziggurat
45:52 Tomb of Relics
» items
| Rod of Necromancy | 1 | |
| Scroll of Town Portal | 1 | |
| Staff of Teleportation | 1 | |
| Boots of Speed | 1 | |
| Potion of Invisibility | 1 | |
| Orb of Fire | 1 | |
| Potion of Healing | 1 | |
7 total
Chat log
(01:00 / All) LINK-O-VITCH: asl?
(01:22 / All) macrostb: 13/m/yourmomsroom
(01:23 / All) NikeSweatshop: Are you with the NSA? What's with the personal questions, brao?
(02:29 / All) LINK-O-VITCH: yesterday i watched the BET channel
(02:33 / All) LINK-O-VITCH: saw a movie about notorious BIG
(02:49 / All) NikeSweatshop: Overrated. The end.
(03:04 / All) LINK-O-VITCH: he was a drugdealer who turned into a rapper
(05:44 / Allies) Rockpiles: coming blue
(06:13 / Allies) Feuergeist: ty
(07:21 / Allies) Rockpiles: we could have won that i think
(07:29 / Allies) Algir: Didn't want to lose footies
(07:32 / Allies) Feuergeist: go back then
(07:35 / Allies) psicomind: gogog
(10:22 / All) NikeSweatshop: Fucking faggot noob elf
(10:26 / All) NikeSweatshop: You suck faggot
(10:32 / Allies) Rockpiles: chill out man :/
(10:32 / All) Feuergeist: you mad?
(10:46 / All) macrostb: dont hate
(10:48 / All) macrostb: appreciate
(10:49 / All) NikeSweatshop: I'm going to fuck you up bitch
(11:16 / All) NikeSweatshop: You fucked with the wrong motherfucker
(11:23 / Allies) Feuergeist: lumber plz
(12:29 / Allies) Rockpiles: i got reveal
(12:31 / Allies) Feuergeist: wtf
(12:35 / Allies) Feuergeist: you take all items...
(12:40 / Allies) Feuergeist: you not even agil base
(12:48 / Allies) Algir: I can give you the chimes if you want
(12:54 / Allies) Algir: It's just a habit
(12:59 / Allies) Algir: I don't need them but they are yours if you like
(13:12 / Allies) Feuergeist: and you took shredder...
(13:27 / Allies) Algir: Ne should never have trouble with wood
(13:56 / Allies) Feuergeist: cheaper to get shredder than make 400000000000 wisps
(14:25 / All) NikeSweatshop: Ready to die bitch?
(15:25 / Allies) psicomind: move move
(16:25 / Allies) Rockpiles: teal you going?
(16:32 / Allies) Rockpiles: cuz i'm in
(16:35 / Allies) Algir: I'll attack if you will
(16:52 / Allies) Algir: he got too much
(17:17 / All) macrostb: you serious fucking hacks
(17:22 / All) Algir: ?
(17:30 / All) Algir: I went to check your expo
(18:23 / Allies) Feuergeist: another shredder gone now
(19:14 / Allies) Rockpiles: i need some gold
(19:19 / Allies) Algir: So do I
(19:47 / All) NikeSweatshop: Unresponsive hero
(19:49 / Allies) Rockpiles: teal why run?
(20:12 / Allies) Rockpiles: t4eal can you gold me?
(20:22 / Allies) psicomind: i cant have
(20:31 / Allies) Rockpiles: teal has 9k
(20:39 / Allies) Rockpiles: i want somma dat money
(20:54 / Allies) Rockpiles: 100 gold?
(21:02 / Allies) Algir: yeah
(21:13 / Allies) Rockpiles: fair enough...
(21:18 / Allies) Rockpiles: grumbler
(21:19 / Allies) Algir: Beggars can't be choosers
(21:50 / Allies) Feuergeist: blue..
(21:53 / Allies) Feuergeist: my mine
(22:06 / All) NikeSweatshop: nice base retard
(22:15 / All) macrostb: nobody is buying that dune worm
(22:37 / All) Algir: Yes you are
(22:42 / All) Algir: I don't send 1
(23:04 / Allies) Rockpiles: teal can you help blue?
(23:11 / Allies) Algir: I could
(23:30 / Allies) psicomind: damm you have much money share good damm
(23:35 / Allies) psicomind: algir
(23:41 / Allies) psicomind: share
(23:47 / Allies) Algir: I'm not a walking bank just because I'm rich
(24:02 / Allies) Algir: Go protest at wall street
(24:21 / Allies) psicomind: share retard of shit
(24:21 / Allies) Rockpiles: teal please :(
(24:37 / Allies) psicomind: algir fucking retard
(24:43 / Allies) Algir: I can do it all myself
(24:47 / Allies) Feuergeist: ya he lose us the game
(24:49 / Allies) Feuergeist: sure you can
(24:50 / Allies) Algir: I'm a responsible talented player unlike you
(24:54 / Allies) Algir: I don't take loans
(24:55 / Allies) psicomind: retard have a dick in your ass and is my
(25:00 / All) NikeSweatshop: you're really good yellow
(25:06 / All) NikeSweatshop: You get a participation award
(26:05 / All) LINK-O-VITCH: wheres ur base purp lol
(26:06 / All) LINK-O-VITCH: nab
(26:10 / Allies) psicomind: algir when i see you i put my dick in your hole and you bleding so much
(26:28 / All) Algir: "algir when i see you i put my dick in your hole and you bleding so much" - Blue
(26:36 / All) Algir: He seems sexually frustrated
(26:42 / All) Algir: Maybe he needs to alt tab and watch some porn
(26:44 / Allies) psicomind: i fuck you
(26:44 / All) Algir: and let me win it
(26:46 / All) NikeSweatshop: I think he likes you
(26:47 / Allies) psicomind: :)
(26:56 / Allies) psicomind: yep like your anus
(27:02 / Allies) Algir: You're gay?
(27:22 / Allies) psicomind: no, you are....i take your ass
(27:34 / Allies) Algir: You're not? Are you positive?
(27:54 / All) NikeSweatshop: You think you can hide from me purple|
(28:01 / Allies) psicomind: and fuck you ..and fuck you..how if dont exist a future :D
(28:08 / All) NikeSweatshop: Go ahead
(28:09 / All) NikeSweatshop: build
(28:11 / Allies) Algir: If don't exist a future?
(28:12 / All) LINK-O-VITCH: yea
(28:17 / Allies) Algir: I don't work with animals. Borous, translate.
(28:18 / All) LINK-O-VITCH: we wont "farm " u i promise
(28:40 / All) NikeSweatshop: hey blue
(28:46 / Allies) psicomind: i fuck you forever..and ever
(29:13 / All) psicomind: algir have a pussy like big dick
(29:41 / All) psicomind: and say ....red is my man ...have a dick litle how a asian guy
(29:46 / All) psicomind: hahahahaha
(29:51 / Allies) Algir: I'm sure you wish you were able to do that to a cheap whore but I doubt you could move your inflexible loins as you're likely
(29:59 / All) psicomind: bla bla bla bla bla
(30:01 / Allies) Algir: defunct and cannot get it up
(30:03 / All) psicomind: bla bla bla
(30:10 / All) psicomind: hahahahaa
(30:14 / Allies) Algir: I imagine from all the masturbation over the years
(30:20 / All) psicomind: bla bla bla jahahaha
(30:28 / Allies) Rockpiles: i need like 100 gold please
(30:28 / All) Algir: Blue thinks he is witty too
(30:36 / Allies) Rockpiles: ty
(31:49 / All) LINK-O-VITCH: there u go purp a parting gift
(32:05 / All) Rockpiles: this game is crazy
(32:13 / All) LINK-O-VITCH: no doubt
(32:23 / Allies) Rockpiles: can i get a few hundred gold for boots?
(33:25 / All) psicomind: haahahahaa
(33:37 / All) psicomind: algir need a dick...and he lose
(33:45 / All) LINK-O-VITCH: who is algir
(33:52 / All) psicomind: a big gay
(34:02 / All) psicomind: this is algir
(34:09 / All) psicomind: hahahahaha
(34:33 / Allies) Rockpiles: can i have 200 gold?
(35:26 / All) psicomind: haahahahaa
(35:26 / All) LINK-O-VITCH: "sorry abou tthat purp oj got u
(36:04 / All) LINK-O-VITCH: pwn
(36:15 / All) LINK-O-VITCH: dat hero kill total
(36:17 / All) NikeSweatshop: You can't run from the law.
(36:19 / All) NikeSweatshop: I am the law.
(36:24 / All) LINK-O-VITCH: BUZAN THE FEARLESS
(36:52 / All) Algir: Are you enjoying the hide and seek orange?
(36:57 / All) macrostb: give it up bro
(37:05 / All) Algir: You'll spend all your money on tps
(37:07 / All) LINK-O-VITCH: WHO THE HELL IS winning
(37:09 / All) Algir: Mine are free
(37:40 / All) LINK-O-VITCH: why mine a mine with only 1200 purp
(37:41 / Allies) Rockpiles: can i have a thousand for lich and items?
(37:53 / Allies) Algir: You've already gotten enough
(37:58 / Allies) Rockpiles: :(
(38:01 / Allies) Rockpiles: but you have so much
(38:04 / Allies) Algir: should use it more responsibly
(38:12 / All) psicomind: eeh'? this no end? ok i go back ...
(38:20 / Allies) Algir: You can have a tp and lesser invulnerability potion if you wish
(38:21 / Allies) Rockpiles: i was chased by like 2 armies
(38:22 / All) LINK-O-VITCH: lol
(38:30 / All) LINK-O-VITCH: i will rewatch replay to confirm u were indeed afk
(39:21 / Allies) Rockpiles: i killed a tower that's gotta be worth a hundred to you
(39:31 / All) psicomind: lol
(39:35 / Allies) Algir: Come to my am
(39:35 / All) psicomind: green you asshole
(39:37 / Allies) Algir: trying to give you stuff
(39:39 / All) LINK-O-VITCH: wat?
(39:40 / Allies) Algir: stop running
(39:42 / Allies) Feuergeist: kill then
(39:45 / Allies) Feuergeist: them
(39:54 / All) psicomind: you send to die your units stupid bastard hahahaha
(40:02 / All) LINK-O-VITCH: DURRR I AM STUPIDDD
(40:28 / Allies) Algir: how did you lose it already lol
(40:29 / All) LINK-O-VITCH: dat holy light
(40:33 / Allies) Algir: you had a tp and potion of invulnerability
(40:37 / Allies) Rockpiles: well no more gold so i guess i'll quit
(40:50 / Allies) Algir: You can have ab it more
(40:54 / All) NikeSweatshop: One of my favorite games was me and obi 2v2
(40:59 / Allies) Rockpiles: so do you know the pink guy?
(41:01 / All) NikeSweatshop: we had a blademaster and a pally
(41:09 / All) NikeSweatshop: they killed my base, he mass towered
(41:10 / Allies) Algir: Yeah, he and green are my allies
(41:15 / All) NikeSweatshop: but they couldn't bring their heroes out
(41:19 / All) NikeSweatshop: they had dk and potm
(41:26 / All) NikeSweatshop: we raped them everytime they left their towers
(41:28 / All) LINK-O-VITCH: why couldnt they bring their heros out
(41:41 / All) NikeSweatshop: holy light helped rape the dk
(41:47 / All) NikeSweatshop: and potm easy peezy
(42:09 / All) NikeSweatshop: they talked a lot oof shit after they killed my base and it looked like they were going to walk right through us
(42:39 / All) psicomind: lol
(42:46 / All) Rockpiles: oppression victory
(42:51 / All) Algir: I have 21k to rebuild orange you?
(43:15 / All) LINK-O-VITCH: lol
(43:20 / All) LINK-O-VITCH: dat holy ligh tpurp
(44:32 / All) NikeSweatshop: if there's a gold mine we want it
(44:54 / Allies) Feuergeist: so pink bsing now?
(45:06 / All) NikeSweatshop: OH OH OH OH OH OH
(45:09 / All) NikeSweatshop: IF THERE'S A FUTURE WE WANT IT
(46:30 / All) LINK-O-VITCH: wat
(47:38 / All) Algir: Wow only red has left so far
(47:50 / All) LINK-O-VITCH: COME HERE FAT BOY
(48:14 / All) Rockpiles: this sheriff wants my blood
(48:26 / All) Algir: LOL
(48:28 / All) Algir: my dung beetle stopped them
(48:31 / All) NikeSweatshop: dune worm!
(48:35 / All) NikeSweatshop: lol
(48:39 / All) NikeSweatshop: raped by dune worm purple
(48:43 / All) NikeSweatshop: goddamn you suck
(48:48 / Allies) Algir: Hey purple stay
(48:51 / Allies) Algir: You can get your heroes back
(48:54 / Allies) Algir: I will let you
(49:02 / Allies) Algir: You got gold for an altar?
(49:09 / Allies) Algir: ah you got one nvm
(49:12 / Allies) Feuergeist: i got
(49:16 / Allies) Algir: If those die again I will assist you with funds
(49:17 / Allies) Feuergeist: could use gold for units though
(50:02 / Allies) Feuergeist: we are taking way too long
(50:17 / Allies) Algir: I just don't know if I got enough to stop them
(50:34 / Allies) Feuergeist: make more units then
(50:57 / Allies) Rockpiles: i think this is staged purp
(50:57 / All) NikeSweatshop: hide in those towers purple
(51:09 / All) NikeSweatshop: you'll find they aren't helping much
(51:13 / All) LINK-O-VITCH: LOL
(51:17 / All) LINK-O-VITCH: REZ UR DARK RANGER BOY
(51:19 / Allies) Feuergeist: there are just 2-3 bsers here
(51:31 / Allies) Feuergeist: pink and teal at least
(51:34 / Allies) Algir: ?
(51:35 / Allies) Algir: No
(51:38 / Allies) Algir: I am just scared
(51:41 / Allies) Algir: don't want to leave my base man
(51:43 / Allies) Algir: I might die
(51:43 / Allies) Feuergeist: ...
(51:48 / Allies) Feuergeist: sure thing
(52:15 / All) macrostb: is this a retard convention?
(52:20 / All) LINK-O-VITCH: LOL
(52:31 / Allies) Feuergeist: i gtg gonna minimize and check back later
(52:37 / All) Algir: Purp says he is minimising
(52:47 / All) macrostb: 20k, impressive
(53:00 / All) Algir: 25k
(53:11 / Allies) Rockpiles: alright. this was fun, but I think i'm done
(53:15 / Allies) Algir: Wait
(53:18 / Allies) Algir: If you go
(53:21 / Allies) Algir: give me my gold back?
(53:24 / All) LINK-O-VITCH: GOD DAMN TEAL IS GOOD
(53:24 / Allies) Algir: and give me all your wood?
(53:27 / Allies) Algir: For the war efforts
(53:36 / Allies) Rockpiles: yeah ok
(53:48 / Allies) Algir: Thanks
(53:51 / Allies) Algir: You've been a good ally
(53:54 / Allies) Algir: A true comrade in arms
(53:57 / Allies) Feuergeist: ill let yellow decide
(54:02 / Allies) Algir: Not many would surrender even their last resources
(54:12 / All) LINK-O-VITCH: how about em' dallas cowboys
(54:20 / Allies) Rockpiles: you're the oppessor in disguiese
(54:31 / All) Algir: you're the oppressor in disguiese" - yellow
(54:42 / All) LINK-O-VITCH: wtf he mean by that
(54:48 / All) NikeSweatshop: you got much better ally chat this game
(54:49 / All) Algir: I don't know, is disguiese some Chinese dialect used by spies?
(54:49 / All) NikeSweatshop: orange didn't say anything funny really
(54:54 / All) NikeSweatshop: red didn't say anything at all
(54:57 / All) Algir: We're keeping the little guys down?
(55:07 / All) Algir: I don't support heightism personally
(55:10 / All) psicomind: sorry for lag...the porn is asome
(55:14 / All) Algir: What kind of porn?
(55:19 / All) LINK-O-VITCH: it cant be as bad as yesterdays game
(55:27 / All) Algir: He never even gave me his resources
(55:29 / All) NikeSweatshop: Portugal. The Man is great, I downloaded their new album from Waffles
(56:17 / All) psicomind: :D
(56:31 / All) Algir: I got a few albums from WhatCD a while ago
(56:38 / All) Algir: Pagan Muzak by NON, a Foresta Di Ferro/Varunna album
(56:45 / All) Algir: I don't actually have an account but someone grabbed them for me
(57:14 / All) Algir: Pagan Muzak is much better than NON's other work
(59:08 / All) Algir: Are you having as much fun as I am orange?
(59:13 / All) macrostb: you people have no life
(59:24 / All) NikeSweatshop: Yeah but what's your excuse
(62:21 / All) psicomind: no finish yet?
(62:44 / All) Algir: I think he's a brazilian
(62:45 / All) NikeSweatshop: AOL special offer
(62:55 / All) NikeSweatshop: How's AOL these days?
(65:01 / All) LINK-O-VITCH: Somebody tell purple and Orange the deal
(65:07 / All) Algir: Everyone listen up
(65:10 / All) Algir: We will kill everything
(65:13 / All) Algir: including our own stuff
(65:22 / All) Algir: Pink, green and I are in a team
(65:24 / All) Algir: Everything will die
(65:28 / All) Algir: No one will be able to finish the other
(65:30 / All) Algir: You are all equal now.
(67:13 / All) Algir: LET IT BEGIN, LET IT BEGIN
(67:17 / All) Algir: Good luck everyone